 Dungeon Crawl Stone Soup version 0.30-a0-331-g8ab09dc110 (webtiles) character file.

Game seed: 17226772283698021027

38942 nono the Protected (level 13, -3/124 HPs)
             Began as an Armataur Fighter on Oct 29, 2022.
             Was a Priest of the Shining One.
             Slain by a dire elephant (18 damage)
             ... on level 5 of the Lair of Beasts.
             The game lasted 00:40:44 (20362 turns).

nono the Protected (Armataur Fighter)              Turns: 20362, Time: 00:40:46

Health: -3/124     AC: 20    Str: 28    XL:     13   Next: 66%
Magic:  16/18      EV:  8    Int: 14    God:    the Shining One [***...]
Gold:   1162       SH: 17    Dex: 13    Spells: 12/12 levels left

rFire   . . .      SeeInvis .    L - +1 morningstar (elec)
rCold   + . .      Faith    .    c - +0 buckler
rNeg    + . .      Spirit   .    q - +5 ring mail "Ypanol" {Int+6}
rPois   +          Reflect  .    C - +0 helmet
rElec   .          Harm     .    j - +0 cloak
rCorr   +          Roll     +    y - +2 pair of gloves
Will    .....                    (no barding)
Stlth   +.........               (no amulet)
HPRegen 0.40/turn                t - ring of resist corrosion
MPRegen 0.16/turn                x - ring of Doubt {rPois rC+ Dex+4}

@: divinely shielded, glowing
A: large, rugged brown scales 3, deformed body, armoured tail, roll, long
tongue, awkward tongue
a: Renounce Religion, Divine Shield, Cleansing Flame


You were on level 5 of the Lair of Beasts.
You worshipped the Shining One.
The Shining One was most pleased with you.
You visited 3 branches of the dungeon, and saw 16 of its levels.
You also visited: Sewer and Gauntlet.

You collected 1162 gold pieces.

Inventory:

Hand Weapons
 a - a +0 flail
 d - a +2 dagger of speed
 I - a +2 dagger of venom
 L - a +1 morningstar of electrocution (weapon)
 M - a +3 whip of freezing
 Q - a +2 flail
Armour
 b - a +0 scale mail
 c - a +0 buckler (worn)
 j - a +0 cloak (worn)
 q - the +5 ring mail "Ypanol" (worn) {Int+6}
   (You found it on level 2 of the Dungeon)

   Int:       It affects your intelligence (+6).
 v - a scarf of shadows
 y - a +2 pair of gloves (worn)
 C - a +0 helmet (worn)
 O - the +3 scale mail of Complete Protection {+Inv}
   (You found it on level 10 of the Dungeon)

   +Inv:      It lets you turn invisible.
Jewellery
 o - a ring of positive energy
 t - a ring of resist corrosion (left hand)
 x - the ring of Doubt (right hand) {rPois rC+ Dex+4}
   (You acquired it on level 10 of the Dungeon)

   [ring of poison resistance]

   Dex:       It affects your dexterity (+4).
   rC:        It protects you from cold.
   rPois:     It protects you from poison.
 E - a ring of protection from cold
Wands
 z - a wand of flame (27)
 D - a wand of iceblast (38)
 K - a wand of polymorph (3)
 R - a wand of charming (6)
 V - a wand of digging (5)
 W - a wand of light (4)
Scrolls
 f - 2 scrolls of fear
 g - 4 scrolls of noise
 i - 2 scrolls of teleportation
 n - 2 scrolls of blinking
 r - 3 scrolls of summoning
 s - 2 scrolls of poison
 u - a scroll of magic mapping
 A - a scroll of fog
 F - a scroll of torment
 G - 2 scrolls of enchant armour
 H - 2 scrolls of enchant weapon
 J - 2 scrolls of vulnerability
 N - 4 scrolls of amnesia
 P - a scroll of brand weapon
 S - 4 scrolls of identify
Potions
 e - a potion of heal wounds
 h - 3 potions of flight
 k - a potion of might
 l - 5 potions of brilliance
 m - 4 potions of curing
 p - 2 potions of attraction
 w - 3 potions of lignification
 B - 2 potions of magic
 T - 4 potions of haste {unknown}
 U - 7 potions of ambrosia


   Skills:
 + Level 11.0 Fighting
 + Level 10.7 Maces & Flails
 + Level 14.0 Armour
 + Level 12.8 Shields
 + Level 7.7 Invocations


You had 12 spell levels left.
You didn't know any spells.
Your spell library contained the following spells:

 Spells                   Type           Power      Damage    Failure   Level
 Apportation              Tloc           0%         N/A       38%         1
 Magic Dart               Conj           0%         1d3       38%         1
 Sting                    Tmut/Pois      0%         1d3       38%         1
 Poisonous Vapours        Pois/Air       0%         N/A       54%         2
 Searing Ray              Conj           0%         2d4       54%         2
 Gell's Gravitas          Tloc           0%         N/A       77%         3
 Mephitic Cloud           Conj/Pois/Air  0%         N/A       77%         3
 Teleport Other           Tloc           0%         N/A       77%         3
 Animate Armour           Summ/Erth      0%         N/A       99%         4
 Fulminant Prism          Conj/Hex       0%         3d5       99%         4
 Olgreb's Toxic Radiance  Pois           0%         N/A       99%         4
 Alistair's Intoxication  Tmut/Pois      0%         N/A       100%        5
 Blade Hands              Tmut           0%         N/A       100%        5
 Dispersal                Tloc           0%         N/A       100%        6
 Eringya's Noxious Bog    Tmut/Pois      0%         N/A       100%        6
 Iron Shot                Conj/Erth      0%         9d1       100%        6
 Chain Lightning          Conj/Air       0%         N/A       100%        9
 Fire Storm               Conj/Fire      0%         5d1       100%        9
 Shatter                  Erth           0%         3d5*      100%        9


Dungeon Overview and Level Annotations

Branches:
Dungeon (10/15)            Temple (1/1) D:6            Lair (5/5) D:8
 Shoals (0/4) Lair:2       Spider (0/4) Lair:3        Slime (0/5) Lair:5
    Orc (0/2) D:9           Sewer (visited)         Gauntlet (visited)

Altars:
Ashenzari
Cheibriados
Dithmenos
Elyvilon
Fedhas
Gozag
Hepliaklqana
Kikubaaqudgha
Makhleb
Nemelex Xobeh
Okawaru
Qazlal
Ru
Sif Muna
Trog
Uskayaw
Vehumet
Wu Jian
Xom
Yredelemnul
Zin
The Shining One

Shops:
D:9 *


Innate Abilities, Weirdness & Mutations

You are completely covered in rugged brown scales. (AC +3, +7% HP)
Armour fits poorly on your strangely shaped body.
You have a long armoured tail.
You roll when moving toward enemies. (Rampage)
Your long tongue fully drains potion bottles. (2x potion effects)
Your tongue gives you trouble enunciating. (1.5x scroll delay)


Message History

The manticore claws you but does no damage.
Your Fighting skill increases to level 11!
Your shield is strengthened by the Shining One's divine power.
You feel sick.
The manticore bites you but does no damage.
The manticore claws you but does no damage.
You block the manticore's attack.
You hit the manticore but do no damage. You tail-slap the manticore.
The manticore is lightly wounded.
You feel sick.
You hit the dire elephant but do no damage.
You tail-slap the dire elephant, but do no damage.
The dire elephant is lightly wounded.
You feel sick.
You are no longer poisoned.
You hit the dire elephant but do no damage.
You tail-slap the dire elephant, but do no damage.
The dire elephant is lightly wounded.
You block the manticore's attack. x2
The manticore claws you but does no damage.
The dire elephant tramples you!!
* * * LOW HITPOINT WARNING * * *
You stumble backwards!
Okay, then.
You slurp down every last drop of the 2 potions of heal wounds!
You feel much better.
You block the dire elephant's attack. x2
You hit the manticore. You tail-slap the manticore!
The manticore is moderately wounded.
The manticore bites you!
* * * LOW HITPOINT WARNING * * *
You block the manticore's attack. x2; You block the dire elephant's attack.
The dire elephant trunk-slaps you but does no damage.
You hit the manticore.
Lightning courses through the manticore!
The manticore is heavily wounded.
You block the manticore's attack. The manticore claws you!
* * * LOW HITPOINT WARNING * * *
The manticore claws you but does no damage.
The dire elephant tramples you!!
You die...

#.#### ##..#.###..#
#P..... ###
###...#.....P###...#..
#...........###...##..
#..........#.##.P..###
#....†.#...# ###...#
##..#.###P.## #(..#
#...#†..#### ##...###
#...#HY.# #.#.....
#.....@.# #.....<.
##..##### #.#.....
#P....# ##.##.#.
##.....# #.##...#
.#....... ##....... #
...#.#. #....##.# ....
.. ###...#### ....#
###....P..## #####
#.........##


You could see a dire elephant and a manticore.

Vanquished Creatures
  Snorg (Lair:3)
  3 hydras
  2 catoblepae
  A two-headed ogre (D:10)
  8 death yaks
  Sonja (Lair:2)
  Pikel (D:4)
  A manticore (Lair:5)
  Maurice (D:10)
  14 elephants
  4 black mambas
  8 cane toads
  6 komodo dragons
  3 rime drakes
  A hornet (D:9)
  A queen bee (Lair:1)
  6 dream sheep
  5 blink frogs (Lair:4)
  A jumping spider (Lair:3)
  4 culicivoras (Lair:3)
  6 wyverns
  32 yaks
  2 basilisks
  4 vampire mosquitoes (D:10)
  A steam dragon (D:9)
  3 redbacks (Lair:3)
  7 water moccasins
  A black bear (Lair:1)
  A swamp drake (D:9)
  3 ice beasts
  2 sky beasts
  2 ogres
  5 orc warriors
  6 wolves
  7 centaurs
  A lemure (D:4)
  A phantom (D:6)
  A kobold brigand (D:9)
  Blork the orc (D:5)
  8 bullfrogs
  2 scorpions
  2 necrophages
  3 gnoll sergeants
  8 wights (D:8)
  37 killer bees
  A vampire bat (D:3)
  2 howler monkeys (D:7)
  2 hounds
  A jelly (D:6)
  2 gnoll boudas
  5 orc priests
  Jessica (D:2)
  Ijyb (D:4)
  A hell rat (Sewer)
  16 orc wizards
  2 river rats (Sewer)
  5 adders
  19 gnolls
  3 shadow imps
  A white imp (D:8)
  2 dart slugs
  27 orcs
  8 ball pythons
  4 endoplasms
  7 giant cockroaches
  10 goblins
  4 hobgoblins
  4 jackals
  2 quokkas (D:4)
  8 bats
  6 frilled lizards
  16 kobolds
  11 rats
  3 butterflies
392 creatures vanquished.

Vanquished Creatures (others)
  A black mamba (Lair:3)
  A dream sheep (Lair:5)
  An orc wizard (D:8)
  12 fungi
  45 plants
  5 toadstools (D:1)
65 creatures vanquished.

Grand Total: 457 creatures vanquished

Notes
Turn   | Place    | Note
-------+----------+-------------------------------------------
     0 | D:1      | nono the Armataur Fighter began the quest for the Orb.
     0 | D:1      | Reached XP level 1. HP: 19/19 MP: 1/1
   206 | D:1      | Reached XP level 2. HP: 24/26 MP: 2/2
   407 | D:1      | Reached skill level 4 in Armour
   490 | D:1      | Found a faded altar of an unknown god.
   761 | D:2      | Reached XP level 3. HP: 33/33 MP: 3/3
   800 | D:2      | Noticed Jessica
   817 | D:2      | Killed Jessica
   830 | D:2      | Reached XP level 4. HP: 8/40 MP: 4/4
  1342 | D:2      | Identified the +5 ring mail "Ypanol" {Int+6}
  2068 | D:3      | Found an ornate altar of the Wu Jian Council.
  2126 | D:3      | Found a broken altar of Ashenzari.
  2127 | D:3      | Found a blossoming altar of Fedhas.
  2128 | D:3      | Found a hide-covered altar of Uskayaw.
  2584 | D:3      | Reached XP level 5. HP: 44/48 MP: 5/5
  2869 | D:4      | Reached skill level 5 in Armour
  2893 | D:4      | Reached XP level 6. HP: 53/55 MP: 6/6
  2903 | D:4      | Noticed Ijyb
  2916 | D:4      | Killed Ijyb
  2981 | D:4      | Noticed Pikel
  3031 | D:4      | Killed Pikel
  3032 | D:4      | Reached skill level 6 in Armour
  3032 | D:4      | Reached skill level 5 in Shields
  3032 | D:4      | Reached XP level 7. HP: 46/64 MP: 7/7
  3234 | D:4      | Found a glowing drain.
  3246 | Sewer    | Entered a sewer
  3706 | D:5      | Entered Level 5 of the Dungeon
  3741 | D:5      | Found a white marble altar of Elyvilon.
  3875 | D:5      | Found an opulent altar of Gozag.
  3984 | D:5      | Noticed Blork the orc
  3999 | D:5      | Killed Blork the orc
  4000 | D:5      | Reached skill level 5 in Fighting
  4000 | D:5      | Reached XP level 8. HP: 64/72 MP: 8/8
  4400 | D:6      | Reached skill level 7 in Armour
  4530 | D:6      | Reached skill level 5 in Maces & Flails
  4931 | D:6      | Got Sif Muna's Compilation of Poison
  5143 | D:6      | Found a staircase to the Ecumenical Temple.
  5200 | Temple   | Entered the Ecumenical Temple
  5852 | D:7      | Reached XP level 9. HP: 78/80 MP: 9/9
  5919 | D:7      | Reached skill level 8 in Armour
  6390 | D:7      | HP: 4/82 [gnoll/+0 vorpal halberd[a gnoll sergeant] (2)]
  6813 | D:8      | Noticed a rime drake
  6843 | D:8      | Killed a rime drake
  6857 | D:8      | Found a staircase to the Lair.
  7079 | D:8      | Found a radiant altar of Vehumet.
  7296 | D:8      | Reached skill level 9 in Armour
  7839 | D:8      | Found a glowing golden altar of the Shining One.
  7842 | D:8      | Noticed an angel
  7847 | D:8      | Became a worshipper of the Shining One
  7856 | D:8      | Found a basalt altar of Yredelemnul.
  7858 | D:8      | Noticed a profane servitor
  8434 | D:8      | Reached XP level 10. HP: 50/92 MP: 10/10
  8596 | D:9      | Found Dourhah's Assorted Antiques.
  8991 | D:9      | Reached skill level 10 in Armour
  9160 | D:9      | Reached * piety under the Shining One
  9419 | D:9      | Found a shadowy altar of Dithmenos.
  9444 | D:9      | Found a staircase to the Orcish Mines.
  9872 | D:10     | Entered Level 10 of the Dungeon
  9909 | D:10     | Found a stormy altar of Qazlal.
  9928 | D:10     | Identified the +3 scale mail of Complete Protection {+Inv}
 10340 | D:10     | Noticed Maurice
 10348 | D:10     | Killed Maurice
 10372 | D:10     | Reached ** piety under the Shining One
 10617 | D:10     | Noticed a two-headed ogre
 10626 | D:10     | Killed a two-headed ogre
 10627 | D:10     | Reached skill level 10 in Shields
 10627 | D:10     | Reached XP level 11. HP: 58/101 MP: 8/11
 10637 | D:10     | Reached skill level 11 in Armour
 10637 | D:10     | Reached skill level 1 in Invocations
 11188 | D:10     | Identified a scroll of acquirement
 11189 | D:10     | Acquired the ring of Doubt {rPois rC+ Dex+4}
 11373 | Lair:1   | Entered Level 1 of the Lair of Beasts
 11729 | Lair:1   | Noticed a four-headed hydra
 11738 | Lair:1   | Killed a four-headed hydra
 13121 | Lair:2   | Noticed Sonja
 13136 | Lair:2   | Killed Sonja
 13400 | Lair:2   | Identified the +1 leather armour "Letit" {rCorr}
 13745 | Lair:2   | Reached skill level 12 in Armour
 13874 | Lair:2   | Reached XP level 12. HP: 57/111 MP: 15/15
 14047 | Lair:2   | Found a staircase to the Shoals.
 14587 | Lair:3   | Noticed a catoblepas
 14640 | Lair:3   | Found a gate leading to a gauntlet.
 14648 | Gauntlet | Entered a Gauntlet
 14648 | Gauntlet | Found a transporter.
 14653 | Gauntlet | Noticed a death yak
 14655 | Gauntlet | Noticed a death yak
 14661 | Gauntlet | Noticed a death yak
 14692 | Gauntlet | Noticed a dire elephant
 14845 | Gauntlet | Found a transporter.
 14852 | Gauntlet | Found a transporter.
 14852 | Gauntlet | Found a transporter.
 14853 | Gauntlet | Found a transporter.
 14855 | Gauntlet | Found a transporter.
 14864 | Gauntlet | Noticed a green death
 14870 | Gauntlet | Reached *** piety under the Shining One
 14878 | Gauntlet | Found a transporter.
 14886 | Gauntlet | Found a transporter.
 14914 | Gauntlet | Found a transporter.
 14918 | Gauntlet | Noticed a hell beast
 14941 | Gauntlet | Found a transporter.
 14945 | Gauntlet | Found a transporter.
 14962 | Gauntlet | Found a transporter.
 15007 | Lair:3   | Noticed Snorg
 15031 | Lair:3   | Killed Snorg
 15212 | Lair:3   | Reached skill level 5 in Invocations
 15847 | Lair:3   | Killed a catoblepas
 16066 | Lair:3   | Found a hole to the Spider Nest.
 17054 | Lair:4   | Reached skill level 10 in Fighting
 17073 | Lair:4   | Reached skill level 13 in Armour
 17600 | Lair:4   | Noticed a five-headed hydra
 17692 | Lair:4   | Reached skill level 10 in Maces & Flails
 17891 | Lair:4   | Reached XP level 13. HP: 87/121 MP: 17/17
 18537 | Lair:5   | Entered Level 5 of the Lair of Beasts
 18695 | Lair:5   | Reached **** piety under the Shining One
 19082 | Lair:4   | HP: 4/121 [cane toad (7)]
 19658 | Lair:5   | Found a staircase to the Slime Pits.
 20195 | Lair:5   | Reached skill level 14 in Armour
 20342 | Lair:5   | Noticed a dire elephant
 20362 | Lair:5   | Slain by a dire elephant

Illustrated notes

Levels and vault maps discovered:
D:1:      ldierk_walled_garden, layout_basic,
          hellmonk_ecumenical_altar_inner_sanctum
D:2:      minmay_wonky_spiral, layout_loops_ring, uniq_jessica
D:3:      layout_loops_corners, chequers_temple_overflow_statue_of_worship,
          roderic_batcave
D:4:      layout_loops_ring, gup_sewer_entry_pipe, kennysheep_big_empty_room,
          uniq_ijyb, uniq_pikel
D:5:      layout_cave_pools, nicolae_overflow_crystal_walls,
          nicolae_gozag_cash_rules_everything_around_me, uniq_blork_the_orc
D:6:      layout_basic, minmay_temple_entry_waves,
          minmay_misc_feat_secret_circle
D:7:      layout_basic
D:8:      layout_basic, grunt_temple_overflow_holy_war,
          mainiacjoe_overflow_catwalk, hellmonk_lair_entry_icy
D:9:      minmay_flawed_box, layout_cave_pools,
          mainiacjoe_overflow_cross_hatched, erik_orc_1, serial_park,
          serial_park_square3 [serial_park_minivault_5x5_8],
          serial_park_tiny_pond, nicolae_stop_n_shop_1
D:10:     layout_basic, grunt_qazlal_clouds, dreamdust_deal_with_the_devil,
          uniq_maurice
Temple:   nicolae_temple_bog_church
Lair:1:   layout_roguey [special_room_bee], lemuel_old_faithful,
          lemuel_fruit_fields
Lair:2:   layout_small_grid, minmay_shoals_entry_centaurs, serial_bayou_shore_b,
          infiniplex_staircase_pool_2, grunt_megastairs_5, uniq_sonja
Lair:3:   layout_chaotic_city, nicolae_spider_entry_tight_spaces,
          gauntlet_entry_generic, lemuel_fruit_tree, uniq_snorg
Lair:4:   layout_cave_pods
Lair:5:   hangedman_lair_in_review, layout_loops_ring, slime_entry_1,
          lemuel_fruit_fields, serial_bayou_shore_a

Skill      XL: |  1  2  3  4  5  6  7  8  9 10 11 12 13 |
---------------+----------------------------------------+-----
Maces & Flails | 2 3 4 5 6 8 9 10 | 10.7
Armour         | 4 5 6 7 9 10 12 13 14 | 14.0
Fighting       | 3 4 5 6 7 8 9 10 11 | 11.0
Shields        | 4 5 6 7 8 10 11 12 | 12.8
Invocations    | 4 6 7 |  7.7

Action                   |  1- 3 |  4- 6 |  7- 9 | 10-12 | 13-15 || total
-------------------------+-------+-------+-------+-------+-------++-------
Melee: Flail             |    88 |   158 |   498 |       |       ||   744
       Tailslap          |     8 |    19 |    51 |   151 |    46 ||   275
       Morningstar       |       |       |     6 |   741 |   166 ||   913
Invok: Divine Shield     |       |       |       |     4 |     4 ||     8
  Use: Potion            |     1 |       |     7 |     6 |     2 ||    16
       Scroll            |       |       |    14 |    15 |       ||    29
Armor: Scale mail        |    69 |    12 |       |       |       ||    81
       Ring mail         |       |   107 |   379 |   582 |   147 ||  1215
Dodge: Dodged            |    48 |    66 |   231 |   362 |    84 ||   791
Block: Buckler           |    28 |    28 |   155 |   343 |   110 ||   664

Table legend: (Time is in decaauts)
 A = Elapsed time spent in this place.
 B = Non-inter-level travel time spent in this place.
 C = Inter-level travel time spent in this place.
 D = Time resting spent in this place.
 E = Time spent auto-exploring this place.
 F = Levels seen in this place.
 G = Mean time per level.
                   A        B        C        D        E       F      G
               +--------+--------+--------+--------+--------+-----+--------+
         Total |  20669 |  19695 |    974 |   2363 |  13453 |  18 | 1148.3 |
       Dungeon |  11391 |  10877 |    514 |   1492 |   7121 |  10 | 1139.1 |
        Temple |    293 |    276 |     17 |      0 |    264 |   1 |  293.0 |
          Lair |   8547 |   8104 |    443 |    677 |   6061 |   5 | 1709.4 |
         Sewer |     98 |     98 |      0 |      0 |      5 |   1 |   98.0 |
      Gauntlet |    339 |    339 |      0 |    194 |      0 |   1 |  339.0 |
               +--------+--------+--------+--------+--------+-----+--------+

Top non-repeatable levels by time:
  Lair:4: 2469 daAuts
  Lair:3: 1884 daAuts
     D:8: 1827 daAuts
  Lair:1: 1590 daAuts
  Lair:2: 1489 daAuts
    D:10: 1475 daAuts
     D:9: 1329 daAuts
     D:3: 1251 daAuts
     D:7: 1176 daAuts
  Lair:5: 1114 daAuts
     D:2: 999 daAuts
     D:5: 978 daAuts
     D:6: 882 daAuts
     D:4: 800 daAuts
     D:1: 669 daAuts
